 Dungeon Crawl Stone Soup version 0.21.1-1-g345015f (webtiles) character file.

46 Supreme the Conjurer (level 3, -4/19 HPs)
             Began as a Deep Elf Conjurer on Apr 10, 2018.
             Slain by a gnoll
             ... wielding a +0 halberd
              (14 damage)
             ... on level 3 of the Dungeon.
             The game lasted 00:12:26 (776 turns).

Supreme the Conjurer (Deep Elf Conjurer)             Turns: 776, Time: 00:12:26

Health: -4/19      AC:  3    Str:  5    XL:     3   Next: 46%
Magic:  0/9        EV: 13    Int: 20    God:
Gold:   59         SH:  0    Dex: 15    Spells: 2/8 levels left

rFire    . . .     SeeInvis .   r - +0 dagger
rCold    . . .     Gourm    .   (no shield)
rNeg     . . .     Faith    .   a - +0 robe
rPois    .         Spirit   .   (no helmet)
rElec    .         Reflect  .   (no cloak)
rCorr    .         Harm     .   (no gloves)
MR       .....                  (no boots)
Stlth    ++........             (no amulet)
HPRegen  0.06/turn              i - +1 ring of protection
MPRegen  0.11/turn              (no ring)

@: no status effects
A: no striking features
a: no special abilities


You were on level 3 of the Dungeon.
You were not hungry.

You visited 1 branch of the dungeon, and saw 3 of its levels.

You collected 59 gold pieces.

Inventory:

Hand Weapons
 f - a +0 club
 m - a +0 whip
 r - a +0 dagger (weapon)
Missiles
 g - 76 stones (quivered)
 k - 34 sling bullets
Armour
 a - a +0 robe (worn)
 j - a cursed +0 robe
Jewellery
 i - a +1 ring of protection (left hand)
Scrolls
 o - a scroll of immolation {unknown}
 p - a scroll of remove curse {unknown}
 q - 2 scrolls of identify {unknown}
 s - a scroll of blinking {unknown}
Potions
 d - a potion of curing {unknown}
 e - a potion of might {unknown}
 h - a potion of agility {unknown}
 l - a potion of haste {unknown}
Books
 b - a book of Conjurations

   Spells                             Type                      Level
   a - Magic Dart                     Conjuration                  1
   b - Searing Ray                    Conjuration                  2
   c - Dazzling Spray                 Conjuration/Hexes            3
   d - Fulminant Prism                Conjuration/Hexes            4
   e - Force Lance                    Conjuration/Translocation    4
   f - Iskenderun's Mystic Blast      Conjuration                  4
Comestibles
 c - 4 rations


   Skills:
 - Level 2.4 Dodging
 - Level 2.4 Stealth
 + Level 3.4 Spellcasting
 + Level 5.6 Conjurations


You had 2 spell levels left.
You knew the following spells:

 Your Spells              Type           Power        Failure   Level  Hunger
a - Magic Dart            Conj           ####         1%          1    None
b - Searing Ray           Conj           ####..       1%          2    ##.....
c - Dazzling Spray        Conj/Hex       ##....       13%         3    ###....


Dungeon Overview and Level Annotations

Branches:
Dungeon (3/15)

Altars:
Cheibriados

Annotations:
D:3 Flooderbenga's ghost, weakling GnNe


Message History

The gnoll is severely wounded.
The gnoll completely misses you.
Casting: Magic Dart
Confirm with . or Enter, or press ? or * to list all spells.
Aiming: Magic Dart
Press: ? - help, Shift-Dir - straight line, f/p - gnoll
Aim: a gnoll, wielding a halberd (severely wounded)
The magic dart hits the gnoll.
The gnoll is severely wounded.
The gnoll closely misses you.
Casting: Magic Dart
Confirm with . or Enter, or press ? or * to list all spells.
Aiming: Magic Dart
Press: ? - help, Shift-Dir - straight line, f/p - gnoll
Aim: a gnoll, wielding a halberd (heavily wounded)
The magic dart hits the gnoll.
The gnoll is almost dead.
The gnoll hits you from afar with a halberd!
Ouch! That really hurt!
You die...

#.........#
#########.........#####
#...........†.........#
#.................###.#
#.................#
#....†...##########
#####...#####
##########.
#.......######...[....##
#......@.g............#
#.......######...(....##
##.####### #.....(....
#..# #........## #.##
#...)...(# ##.#
#.(......# #####..#
########## #.....## ###
#.†...# ########<.#


You could see a gnoll.

Vanquished Creatures
  2 adders (D:3)
  A dart slug (D:2)
  A leopard gecko (D:3)
  A giant cockroach (D:1)
  3 hobgoblins (D:1)
  A jackal (D:3)
  4 kobolds (D:3)
  A quokka (D:3)
  4 bats
  2 frilled lizards (D:1)
  4 goblins
  A rat (D:1)
25 creatures vanquished.

Notes
Turn   | Place    | Note
-------+----------+-------------------------------------------
     0 | D:1      | Supreme the Deep Elf Conjurer began the quest for the Orb.
     0 | D:1      | Reached XP level 1. HP: 10/10 MP: 6/6
   421 | D:1      | Reached XP level 2. HP: 15/15 MP: 5/8
   425 | D:1      | Learned a level 2 spell: Searing Ray
   448 | D:1      | Reached skill level 5 in Conjurations
   492 | D:2      | Found a snail-covered altar of Cheibriados.
   510 | D:3      | Noticed Flooderbenga's ghost (weakling GnNe)
   549 | D:3      | Reached XP level 3. HP: 19/19 MP: 2/9
   554 | D:3      | Learned a level 3 spell: Dazzling Spray
   776 | D:3      | Slain by a gnoll

Skill      XL: |  1  2 |
---------------+-------+-----
Conjurations   | 5 |  5.6
Dodging        | |  2.4
Stealth        | |  2.4
Spellcasting   | |  3.4

Action                   || total
-------------------------++-------
Melee: Dagger            ||     1
Throw: Stone             ||     3
 Cast: Magic Dart        ||    55
       Searing Ray       ||     1
  Use: Scroll            ||     2
       Potion            ||     2
Armor: Robe              ||     6
Dodge: Dodged            ||    39
